IL
BUFFALO BISONS @ CHARLOTTE KNIGHTS
07/29/2049
 
TOP OF THE 1ST
Buffalo Bisons batting - Pitching for Charlotte Knights : LHP Joel Beery
Pitching: LHP Joel Beery
Batting: SHB Bran Stark 0-0: Called Strike
0-1: Swinging Strike
0-2: Ball
1-2: Strikes out swinging
Batting: RHB Jeff Garofalo 0-0: Foul Ball, location: 2F
0-1: Foul Ball, location: 2F
0-2: Ball
1-2: Fly out, F4 (Popup, 3S, EV 86.9 MPH)
Batting: RHB Danny Miramontes 0-0: Ball
1-0: Ball
2-0: Called Strike
2-1: Called Strike
2-2: Ball
3-2: SOLO HOME RUN (Flyball, 89XD, EV 98.8 MPH), Distance : 397 ft
Batting: RHB Zhi-bin Ou-yang 0-0: Called Strike
0-1: Foul Ball, location: 2F
0-2: SOLO HOME RUN (Flyball, 7LD, EV 95.0 MPH), Distance : 334 ft
Batting: RHB Francisco Hernandez 0-0: SINGLE (Line Drive, 4M, EV 94.4 MPH)
Batting: RHB Danny Eberhart 0-0: Ball
1-0: Swinging Strike
1-1: Called Strike
1-2: Fielders Choice at 2nd, 6-4 (Groundball, 6MD, EV 97.5 MPH)
Top of the 1st over - 2 runs, 3 hits, 0 errors, 1 left on base; Buffalo 2 - Charlotte 0
BOTTOM OF THE 1ST
Charlotte Knights batting - Pitching for Buffalo Bisons : RHP Corey Larimer
Pitching: RHP Corey Larimer
Batting: RHB Jeremy Hoffert 0-0: Ball
1-0: Swinging Strike
1-1: Foul Ball, location: 2F
1-2: Ball
2-2: Strikes out swinging
Batting: LHB Justin Stickney 0-0: Ball
1-0: SINGLE (Groundball, 34D, EV 97.5 MPH)
Batting: SHB Ruben Velasco Jr. 0-0: Called Strike
0-1: Ball
1-1: Ball
2-1: Ball
3-1: Foul Ball, location: 2F
3-2: Base on Balls
Justin Stickney to second
Batting: RHB Micah Brown 0-0: Ball
1-0: Foul Ball, location: 2F
1-1: Called Strike
1-2: Ball
2-2: Ball
3-2: SINGLE (Groundball, 56D, EV 102.5 MPH)
Justin Stickney to third
Ruben Velasco Jr. to second
Runner from 3rd tries for Home, SAFE, throw by LF to home
Batting: LHB Ricardo Pagan 0-0: Swinging Strike
0-1: Called Strike
0-2: Foul Ball, location: 2F
0-2: Ball
1-2: Ball
2-2: Fielders Choice at 2nd, 6-4 (Groundball, 6, EV 80.6 MPH)
Ruben Velasco Jr. to third
Batting: RHB Mark Jones 0-0: Fielders Choice at 2nd, U4 (Groundball, 4M, EV 81.2 MPH)
Bottom of the 1st over - 1 run, 2 hits, 0 errors, 2 left on base; Buffalo 2 - Charlotte 1
TOP OF THE 2ND
Buffalo Bisons batting - Pitching for Charlotte Knights : LHP Joel Beery
Batting: RHB Leo Mair 0-0: Called Strike
0-1: Called Strike
0-2: SINGLE (Groundball, 6M, EV 100.0 MPH) (infield hit)
Batting: RHB Väinö Tapaninen 0-0: Ball
1-0: Ball
2-0: Foul Ball, location: 2F
2-1: Foul Ball, location: 2F
2-2: Foul Ball, location: 2F
2-2: Strikes out swinging
Batting: RHB Ben Zeiler 0-0: Ball
1-0: Ball
2-0: SINGLE (Groundball, 6MD, EV 103.8 MPH)
Leo Mair to second
Runner from 2nd tries for 3rd, SAFE, throw by CF made to third
Ben Zeiler to second
Batting: SHB Bran Stark 0-0: Ball
1-0: Ball
2-0: Foul Ball, location: 2F
2-1: Foul Ball, location: 2F
2-2: Fly out, F8 (Flyball, 8RM, EV 76.9 MPH)
Runner from 3rd tags up, SCORES, throw by CF
Batting: RHB Jeff Garofalo 0-0: Ball
1-0: Ball
2-0: Ground out 6-3 (Groundball, 6, EV 93.8 MPH)
Top of the 2nd over - 1 run, 2 hits, 0 errors, 1 left on base; Buffalo 3 - Charlotte 1
BOTTOM OF THE 2ND
Charlotte Knights batting - Pitching for Buffalo Bisons : RHP Corey Larimer
Batting: SHB Josh Conner 0-0: Ball
1-0: SINGLE (Flyball, 9LS, EV 100.6 MPH)
Batting: RHB Kikuo Sato 0-0: Ball
1-0: Ball
2-0: Foul Ball, location: 2F
2-1: Fielders Choice at 2nd, 6-4 (Groundball, 6, EV 80.6 MPH)
Batting: RHB Steve Waltenbery 0-0: Ball
1-0: Ball
2-0: Ball
3-0: Base on Balls
Kikuo Sato to second
Batting: RHB Jeremy Hoffert 0-0: Foul Ball, location: 2F
0-1: Ball
1-1: Grounds into double play, 5-4-3 (Groundball, 56S, EV 85.0 MPH)
Bottom of the 2nd over - 0 runs, 1 hit, 0 errors, 1 left on base; Buffalo 3 - Charlotte 1
TOP OF THE 3RD
Buffalo Bisons batting - Pitching for Charlotte Knights : LHP Joel Beery
Batting: RHB Danny Miramontes 0-0: Foul Ball, location: 2F
0-1: Ball
1-1: Ball
2-1: Ball
3-1: Base on Balls
Batting: RHB Zhi-bin Ou-yang 0-0: Ball
1-0: Foul Ball, location: 2F
1-1: Foul Ball, location: 2F
1-2: Ball
2-2: Grounds into double play, 4-6-3 (Groundball, 4M, EV 107.5 MPH)
Batting: RHB Francisco Hernandez 0-0: Foul Ball, location: 2F
0-1: Ground out 4-3 (Groundball, 4, EV 83.8 MPH)
Top of the 3rd over - 0 runs, 0 hits, 0 errors, 0 left on base; Buffalo 3 - Charlotte 1
BOTTOM OF THE 3RD
Charlotte Knights batting - Pitching for Buffalo Bisons : RHP Corey Larimer
Batting: LHB Justin Stickney 0-0: Called Strike
0-1: Ball
1-1: Called Strike
1-2: Ball
2-2: Strikes out swinging
Batting: SHB Ruben Velasco Jr. 0-0: Ball
1-0: Ball
2-0: Called Strike
2-1: Swinging Strike
2-2: Strikes out swinging
Batting: RHB Micah Brown 0-0: Ball
1-0: Foul Ball, location: 2F
1-1: Foul Ball, location: 2F
1-2: Ball
2-2: Foul Ball, location: 2F
2-2: Ball
3-2: Strikes out swinging
Bottom of the 3rd over - 0 runs, 0 hits, 0 errors, 0 left on base; Buffalo 3 - Charlotte 1
TOP OF THE 4TH
Buffalo Bisons batting - Pitching for Charlotte Knights : LHP Joel Beery
Batting: RHB Danny Eberhart 0-0: Swinging Strike
0-1: Ball
1-1: Swinging Strike
1-2: Ball
2-2: Strikes out swinging
Batting: RHB Leo Mair 0-0: Ball
1-0: Called Strike
1-1: Ground out 1-5-3 (Groundball, 15S, EV 102.5 MPH)
Batting: RHB Väinö Tapaninen 0-0: Ground out 6-3 (Groundball, 6, EV 105.0 MPH)
Top of the 4th over - 0 runs, 0 hits, 0 errors, 0 left on base; Buffalo 3 - Charlotte 1
BOTTOM OF THE 4TH
Charlotte Knights batting - Pitching for Buffalo Bisons : RHP Corey Larimer
Batting: LHB Ricardo Pagan 0-0: Ball
1-0: Ball
2-0: Reached on error, E5 (Groundball, 56S, EV 80.0 MPH)
Batting: RHB Mark Jones 0-0: Foul Ball, location: 2F
0-1: SINGLE (Line Drive, 6D, EV 98.1 MPH)
Ricardo Pagan to third
Runner from 3rd tries for Home, throw by LF and OUT! 7-2
Batting: SHB Josh Conner 0-0: Ball
1-0: Fly out, F4 (Flyball, 34D, EV 90.0 MPH)
Batting: RHB Kikuo Sato 0-0: Ball
1-0: Ball
2-0: Called Strike
2-1: Ball
3-1: Base on Balls
Mark Jones to second
Batting: RHB Steve Waltenbery 0-0: Called Strike
0-1: Ball
1-1: SINGLE (Flyball, 56D, EV 91.2 MPH)
Mark Jones to third
Kikuo Sato to second
Runner from 3rd tries for Home, SAFE, throw by LF to home
Batting: RHB Jeremy Hoffert 0-0: Called Strike
0-1: Called Strike
0-2: Ball
1-2: Strikes out looking
Bottom of the 4th over - 1 run, 2 hits, 1 error, 2 left on base; Buffalo 3 - Charlotte 2
TOP OF THE 5TH
Buffalo Bisons batting - Pitching for Charlotte Knights : LHP Joel Beery
Batting: RHB Ben Zeiler 0-0: Ball
1-0: Swinging Strike
1-1: Ball
2-1: DOUBLE (Groundball, 5L, EV 102.5 MPH)
Batting: SHB Bran Stark 0-0: Called Strike
0-1: Fly out, F8 (Flyball, 89M, EV 90.0 MPH)
Batting: RHB Jeff Garofalo 0-0: Ball
1-0: Swinging Strike
1-1: Ball
2-1: SINGLE (Groundball, 6MD, EV 94.4 MPH)
Ben Zeiler to third
Batting: RHB Danny Miramontes 0-0: Ball
Jeff Garofalo is caught stealing 2nd base 2-4
1-0: Foul Ball, location: 2F
1-1: Foul Ball, location: 2F
1-2: Foul Ball, location: 2F
1-2: Ground out 5-3 (Groundball, 15, EV 82.5 MPH)
Top of the 5th over - 0 runs, 2 hits, 0 errors, 1 left on base; Buffalo 3 - Charlotte 2
BOTTOM OF THE 5TH
Charlotte Knights batting - Pitching for Buffalo Bisons : RHP Corey Larimer
Batting: LHB Justin Stickney 0-0: Swinging Strike
0-1: Foul Ball, location: 2F
0-2: Strikes out looking
Batting: SHB Ruben Velasco Jr. 0-0: Called Strike
0-1: Ball
1-1: Ball
2-1: Ground out 6-3 (Groundball, 6MS, EV 92.5 MPH)
Batting: RHB Micah Brown 0-0: Called Strike
0-1: Ground out 6-3 (Groundball, 6, EV 78.1 MPH)
Bottom of the 5th over - 0 runs, 0 hits, 0 errors, 0 left on base; Buffalo 3 - Charlotte 2
TOP OF THE 6TH
Buffalo Bisons batting - Pitching for Charlotte Knights : LHP Joel Beery
Batting: RHB Zhi-bin Ou-yang 0-0: Called Strike
0-1: Called Strike
0-2: Strikes out swinging
Batting: RHB Francisco Hernandez 0-0: Ball
1-0: Ball
2-0: Ball
3-0: Base on Balls
Batting: RHB Danny Eberhart 0-0: Ball
1-0: Foul Ball, location: 2F
1-1: Foul Ball, location: 2F
1-2: Foul Ball, location: 2F
1-2: Strikes out looking
Batting: RHB Leo Mair 0-0: Ball
1-0: Ball
2-0: Ground out 5-3 (Groundball, 5S, EV 86.9 MPH)
Top of the 6th over - 0 runs, 0 hits, 0 errors, 1 left on base; Buffalo 3 - Charlotte 2
BOTTOM OF THE 6TH
Charlotte Knights batting - Pitching for Buffalo Bisons : RHP Corey Larimer
Batting: LHB Ricardo Pagan 0-0: Called Strike
0-1: Ball
1-1: Ground out 3-1 (Groundball, 13, EV 88.8 MPH)
Batting: RHB Mark Jones 0-0: Ball
1-0: Foul Ball, location: 2F
1-1: Ball
2-1: Foul Ball, location: 2F
2-2: Foul Ball, location: 2F
2-2: Ball
3-2: Fly out, F9 (Flyball, 9D, EV 96.2 MPH)
Batting: SHB Josh Conner 0-0: Fly out, F7 (Flyball, 7, EV 95.0 MPH)
Bottom of the 6th over - 0 runs, 0 hits, 0 errors, 0 left on base; Buffalo 3 - Charlotte 2
TOP OF THE 7TH
Buffalo Bisons batting - Pitching for Charlotte Knights : LHP Joel Beery
Batting: RHB Väinö Tapaninen 0-0: Ground out 6-3 (Groundball, 6, EV 106.9 MPH)
Batting: RHB Ben Zeiler 0-0: Ball
1-0: Ball
2-0: SINGLE (Flyball, 56D, EV 88.8 MPH)
Batting: SHB Bran Stark 0-0: Ball
1-0: Foul Ball, location: 2F
1-1: Ball
2-1: Ball
Ben Zeiler steals 2nd, throwing error, E2
Ben Zeiler to third
3-1: Swinging Strike
3-2: SINGLE (Groundball, 56, EV 102.5 MPH)
Ben Zeiler scores
Pitching: RHP Dicky Goedhart
Batting: RHB Jeff Garofalo 0-0: Called Strike
0-1: Ball
Bran Stark is caught stealing 2nd base 2-4
1-1: Fly out, F7 (Flyball, 78S, EV 93.1 MPH)
Top of the 7th over - 1 run, 2 hits, 1 error, 0 left on base; Buffalo 4 - Charlotte 2
BOTTOM OF THE 7TH
Charlotte Knights batting - Pitching for Buffalo Bisons : RHP Corey Larimer
Now at 1B: Dusty Thompson
Now in LF: Väinö Tapaninen
Now in RF: Jack Bell
Batting: RHB Kikuo Sato 0-0: SOLO HOME RUN (Flyball, 7D, EV 99.4 MPH), Distance : 377 ft
Pinch Hitting: SHB Ethan Villalobos 0-0: Called Strike
0-1: Ball
1-1: Ball
2-1: Called Strike
2-2: Foul Ball, location: 2F
2-2: Ball
3-2: Base on Balls
Pinch Runner at 1st Dunlang Clark:
Batting: RHB Jeremy Hoffert 0-0: Sac Bunt to 15 - play at first, batter OUT! 1-3
Dunlang Clark to second
Pitching: RHP Scott Olson
Batting: LHB Justin Stickney 0-0: Ground out U3 (Groundball, 3S, EV 81.9 MPH)
Dunlang Clark to third
Batting: SHB Ruben Velasco Jr. 0-0: Ball
1-0: Ball
2-0: Ball
3-0: Called Strike
3-1: Swinging Strike
3-2: Base on Balls
Batting: RHB Micah Brown 0-0: Swinging Strike
0-1: Foul Ball, location: 2F
0-2: Foul Ball, location: 2F
0-2: Strikes out swinging
Bottom of the 7th over - 1 run, 1 hit, 0 errors, 2 left on base; Buffalo 4 - Charlotte 3
TOP OF THE 8TH
Buffalo Bisons batting - Pitching for Charlotte Knights : RHP Dicky Goedhart
Now at SS: John Iddings
Batting: RHB Danny Miramontes 0-0: Ball
1-0: Ball
2-0: Called Strike
2-1: Foul Ball, location: 2F
2-2: Foul Ball, location: 2F
2-2: Ball
3-2: Foul Ball, location: 2F
3-2: Foul Ball, location: 2F
3-2: SINGLE (Groundball, 4M, EV 101.9 MPH)
Batting: RHB Zhi-bin Ou-yang 0-0: Ball
1-0: Called Strike
1-1: Ball
2-1: SINGLE (Groundball, 5D, EV 97.5 MPH)
Danny Miramontes to second
Batting: RHB Dusty Thompson 0-0: Called Strike
0-1: Ball
1-1: Foul Ball, location: 2F
1-2: Ball
2-2: Foul Ball, location: 2F
2-2: SINGLE (Groundball, 56D, EV 98.8 MPH)
Danny Miramontes to third
Zhi-bin Ou-yang to second
Batting: RHB Danny Eberhart 0-0: Called Strike
0-1: Ball
1-1: Foul Ball, location: 2F
1-2: Ball
2-2: Ball
3-2: Foul Ball, location: 2F
3-2: Grounds into double play, 1-2-3 (Groundball, 13, EV 73.8 MPH)
Zhi-bin Ou-yang to third
Dusty Thompson to second
Pitching: RHP Chris Worster
Batting: RHB Leo Mair 0-0: Called Strike
0-1: Foul Ball, location: 2F
0-2: Foul Ball, location: 2F
0-2: Strikes out swinging
Top of the 8th over - 0 runs, 3 hits, 0 errors, 2 left on base; Buffalo 4 - Charlotte 3
BOTTOM OF THE 8TH
Charlotte Knights batting - Pitching for Buffalo Bisons : RHP Scott Olson
Batting: LHB Ricardo Pagan 0-0: Called Strike
0-1: Ball
1-1: Swinging Strike
1-2: Foul Ball, location: 2F
1-2: Strikes out swinging
Batting: RHB Mark Jones 0-0: Ball
1-0: Foul Ball, location: 2F
1-1: Foul Ball, location: 2F
1-2: Strikes out swinging
Batting: SHB Josh Conner 0-0: Called Strike
0-1: Called Strike
0-2: Strikes out swinging
Bottom of the 8th over - 0 runs, 0 hits, 0 errors, 0 left on base; Buffalo 4 - Charlotte 3
TOP OF THE 9TH
Buffalo Bisons batting - Pitching for Charlotte Knights : RHP Chris Worster
Pitching: RHP Tommy Benedict
Batting: RHB Väinö Tapaninen 0-0: Called Strike
0-1: Ground out 6-3 (Groundball, 6, EV 87.5 MPH)
Pinch Hitting: LHB Isto Mäyrä 0-0: Ball
1-0: Called Strike
1-1: Foul Ball, location: 2F
1-2: Foul Ball, location: 2F
1-2: DOUBLE (Line Drive, 7LD, EV 105.0 MPH)
Batting: SHB Bran Stark 0-0: Ball
1-0: Called Strike
1-1: Swinging Strike
1-2: SINGLE (Groundball, 56D, EV 105.6 MPH)
Isto Mäyrä to third
Runner from 3rd tries for Home, SAFE, throw by LF to home
Batting: LHB Jack Bell Pickoff Play to 1st, Runner tries for 2nd, OUT after rundown.
0-0: Called Strike
0-1: Hit by Pitch
Batting: RHB Danny Miramontes 0-0: Called Strike
Jack Bell steals 2nd, throwing error, E2
Jack Bell to third
0-1: Ball
1-1: Intentional Walk
Batting: RHB Zhi-bin Ou-yang 0-0: Called Strike
0-1: Ball
1-1: Foul Ball, location: 2F
1-2: Foul Ball, location: 2F
1-2: Strikes out swinging
Top of the 9th over - 1 run, 2 hits, 1 error, 2 left on base; Buffalo 5 - Charlotte 3
BOTTOM OF THE 9TH
Charlotte Knights batting - Pitching for Buffalo Bisons : RHP Scott Olson
Pitching: LHP Mario Amore
Now at C: Bobby Lasaguna
Batting: RHB Kikuo Sato 0-0: Ground out 5-3 (Groundball, 56S, EV 81.9 MPH)
Batting: RHB John Iddings 0-0: Swinging Strike
0-1: Foul Ball, location: 2F
0-2: Ball
1-2: Ball
2-2: Strikes out swinging
Batting: RHB Jeremy Hoffert 0-0: Ground out 4-3 (Groundball, 4, EV 87.5 MPH)
Bottom of the 9th over - 0 runs, 0 hits, 0 errors, 0 left on base; Buffalo 5 - Charlotte 3
Sunday, July 16th , 2023 - OOTP Baseball 24.6 Build 69